Map: 카이로스 정션 - 래더

Players

Awers

  • Race: Terran Terran
  • Spawn Location: 11:00

cure - Winner!

  • Race: Terran Terran
  • Spawn Location: 5:00

Event: IEM Season 13: Katowice (2019)

VOD

Have the link to the VOD?

Description

Time

  • Played on: Feb. 25, 2019, 6:20 a.m.
  • Length: 7:01

All games in this series

Show
View Real Time Build Order
Export as new Build Order

Awers Terran 

Build Orders: 2 Factory, Cyclone Opening, Mech 

Get SALT Encoding   

  12  0:00  SCV  
  13  0:13  SCV  
  14  0:18  Supply Depot  
  14  0:25  SCV  
  15  0:28  Refinery  
  15  0:39  SCV  
  16  0:45  Barracks  
  16  0:51  SCV  
  16  0:56  Refinery  
  17  1:03  SCV  
  18  1:15  SCV  
  19  1:32  Reaper, Orbital Command  
  20  1:36  Factory  
  20  1:46  Supply Depot  
  20  1:57  SCV  
  21  2:04  Reaper  
  22  2:09  SCV  
  23  2:20  Factory Tech Lab  
  23  2:25  SCV  
  23  2:27  Command Center  
  25  2:37  SCV  
  25  2:38  Cyclone  
  28  2:46  Mag-Field Accelerator  
  28  2:49  SCV  
  29  2:52  Supply Depot  
  29  3:01  SCV  
  30  3:08  Factory  
  29  3:20  SCV  
  29  3:26  Cyclone  
  32  3:32  SCV  
  33  3:39  Orbital Command  
  33  3:44  SCV  
  34  3:52  Factory Tech Lab  
  34  3:56  SCV  
  34  4:01  Cyclone  
  38  4:04  SCV  
  39  4:10  SCV  
  39  4:12  Cyclone  
  43  4:18  SCV  
  43  4:22  Command Center, SCV  
  45  4:26  Supply Depot  
  45  4:31  SCV  
  46  4:34  SCV  
  47  4:43  SCV  
  48  4:46  SCV  
  48  4:49  Refinery  
  48  4:50  Refinery  
  49  4:54  Factory, Starport  
  49  4:55  SCV  
  49  4:58  SCV  
  51  5:02  Siege Tank  
  54  5:07  SCV  
  54  5:10  SCV  
  56  5:19  SCV  
  56  5:20  Siege Tank, Supply Depot  
  60  5:21  Barracks  
  60  5:23  SCV  
  58  5:31  SCV  
  58  5:32  Engineering Bay, Starport Reactor  
  58  5:35  SCV  
  57  5:37  Orbital Command  
  57  5:40  Factory Reactor  
  55  5:43  SCV  
  47  5:58  SCV  
  47  5:59  SCV  
  47  6:03  Siege Tank  
  49  6:07  SCV  
  49  6:11  SCV  
  50  6:15  SCV  
  49  6:19  SCV  
  49  6:25  SCV  
  49  6:27  SCV  
  49  6:31  SCV  
  54  6:37  SCV  
  56  6:40  SCV  
  56  6:44  Supply Depot  
  56  6:49  SCV  
Show
View Real Time Build Order
Export as new Build Order

cure Terran - Winner!

Build Orders: Banshee Rush 

Get SALT Encoding   

  12  0:00  SCV  
  13  0:13  SCV  
  14  0:18  Supply Depot  
  14  0:25  SCV  
  14  0:28  Refinery  
  15  0:39  SCV  
  16  0:44  Barracks  
  16  0:51  SCV  
  16  0:56  Refinery  
  17  1:03  SCV  
  18  1:15  SCV  
  19  1:31  Orbital Command  
  19  1:32  Factory  
  19  1:35  Reaper  
  20  1:43  Supply Depot  
  20  1:56  SCV  
  21  2:07  Reaper  
  22  2:08  SCV  
  23  2:16  Hellion  
  23  2:21  SCV  
  26  2:29  Command Center  
  26  2:33  SCV  
  27  2:38  Supply Depot  
  27  2:39  Reaper  
  28  2:46  Hellion  
  28  2:48  SCV  
  31  3:00  SCV  
  32  3:08  Starport  
  32  3:12  SCV  
  33  3:13  Barracks Tech Lab, Factory Tech Lab  
  33  3:18  Refinery  
  33  3:24  SCV  
  34  3:31  Cyclone  
  37  3:36  SCV  
  37  3:38  Barracks Reactor  
  38  3:42  Orbital Command  
  37  3:48  SCV  
  38  3:58  Cloaking Field  
  38  4:00  SCV  
  38  4:01  Banshee  
  42  4:04  Siege Tank  
  42  4:08  SCV  
  46  4:12  SCV  
  46  4:16  Supply Depot, Marine x2  
  49  4:20  SCV  
  50  4:25  SCV  
  51  4:31  Supply Depot  
  51  4:33  SCV  
  51  4:37  SCV, Marine  
  51  4:38  Marine  
  55  4:40  Siege Tank  
  55  4:44  Banshee  
  55  4:45  SCV  
  59  4:49  SCV  
  59  4:50  Supply Depot  
  60  4:54  Marine  
  60  4:55  Marine  
  60  4:57  SCV  
  63  5:01  SCV  
  62  5:12  Marine  
  62  5:13  Marine  
  62  5:14  Siege Tank  
  66  5:15  Command Center  
  66  5:17  SCV  
  66  5:18  SCV  
  68  5:24  Supply Depot x2  
  68  5:30  Banshee  
  68  5:32  SCV x2  
  68  5:34  Marine  
  74  5:44  SCV  
  74  5:45  SCV  
  74  5:48  Siege Tank  
  74  5:49  Marine  
  80  5:52  Marine  
  80  5:57  SCV x2  
  74  6:07  Marine  
  74  6:09  SCV x2  
  74  6:10  Marine  
  78  6:13  Raven  
  78  6:15  Barracks x2, Refinery  
  78  6:16  Engineering Bay  
  78  6:17  Engineering Bay  
  80  6:20  Siege Tank  
  80  6:24  SCV x2  
  85  6:28  Orbital Command  
  85  6:29  Marine x2  
  84  6:36  SCV x2  
  86  6:46  Barracks  
  86  6:47  Barracks  
  86  6:49  SCV x2  

Tags
 
Add a new tag
Caveats
  • Supply blocks, unpowered buildings, or Contaminate may cause inaccurate times.
  • Supply counts are checked every 10 seconds.